 Dungeon Crawl Stone Soup version 0.20.1-1-g8b1a95d (webtiles) character file.

9585 dvd the Basher (level 11, -3/83 HPs)
             Began as a Demigod Earth Elementalist on Sept 2, 2017.
             Slain by a troll (5 damage)
             ... on level 10 of the Dungeon.
             The game lasted 00:53:46 (14329 turns).

dvd the Basher (Demigod Earth Elementalist)        Turns: 14329, Time: 00:53:48

Health: -3/83      AC: 11    Str: 15    XL:     11   Next: 4%
Magic:  0/26       EV: 15    Int: 24    God:
Gold:   599        SH:  0    Dex: 16    Spells: 8/24 levels left

rFire    + . .     SeeInvis .   q - +5 mace (protect)
rCold    . . .     Gourm    .   (no shield)
rNeg     . . .     Faith    .   F - +2 robe {MR+}
rPois    .         Spirit   .   (no helmet)
rElec    .         Reflect  .   (no cloak)
rCorr    .         Harm     .   H - +0 pair of gloves
MR       ++...                  (no boots)
Stlth    +++.......             (no amulet)
Regen    0.3/turn               x - +3 ring of intelligence
MPRegen  0.2/turn               r - +4 ring of protection

@: very slightly contaminated, drained
A: talons 1, thin metallic scales 1, fire resistance 1, high mp 1
a: no special abilities


You were on level 10 of the Dungeon.
You were near starving.

You visited 1 branch of the dungeon, and saw 11 of its levels.
You also visited: Sewer.

You collected 599 gold pieces.

Inventory:

Hand Weapons
 q - a +5 mace of protection (weapon)
 A - a +0 battleaxe of flaming
 B - a +3 hand axe of freezing
 C - a cursed -2 long sword
 D - a +3 war axe of freezing
 E - a cursed +1 war axe of freezing
 I - a +5 dire flail
 J - the +1 shortbow of Overwhelming Force {speed, rPois Dex+2 Stlth+}
   (You found it on level 9 of the Dungeon)

   Attacks with this weapon are significantly faster.
   It affects your dexterity (+2).
   It protects you from poison.
   It makes you more stealthy.
 N - the +3 rapier "Gram" {vamp, rF- Str+6 Int-3 Stlth+, unknown}
   (You found it on level 9 of the Dungeon)

   It inflicts no extra harm, but heals its wielder when it wounds a living foe.
   It affects your strength (+6).
   It affects your intelligence (-3).
   It makes you vulnerable to fire.
   It makes you more stealthy.
 O - a cursed +0 trident of venom
Missiles
 b - 79 stones (quivered)
Armour
 u - a +1 helmet
 F - a +2 robe of magic resistance (worn)
 H - a +0 pair of gloves (worn)
Magical Staves
 P - an uncursed staff of death
Jewellery
 h - an uncursed ring of positive energy
 j - an uncursed ring of protection from fire
 r - a +4 ring of protection (right hand)
 x - a +3 ring of intelligence (left hand)
 G - an uncursed ring of protection from fire
 K - an uncursed ring of protection from magic
Wands
 i - a wand of iceblast (8/15)
 y - a wand of confusion (29/48)
 L - a wand of polymorph (12/24)
 M - a wand of iceblast (3/15)
 Q - a wand of polymorph (14/24)
Scrolls
 a - 4 scrolls of amnesia
 f - 7 scrolls of identify
 m - a scroll of recharging
 n - 5 scrolls of magic mapping
 s - 2 scrolls of fog
 w - 2 scrolls of teleportation
Potions
 c - a potion of magic
 g - a potion of haste
 k - a potion of curing
 l - 2 potions of ambrosia
 o - 2 potions of heal wounds
 z - 2 potions of flight
Books
 e - a book of Geomancy

   Spells                             Type                      Level
   a - Sandblast                      Earth                        1
   b - Passwall                       Transmutation/Earth          2
   c - Stone Arrow                    Conjuration/Earth            3
   d - Petrify                        Transmutation/Earth          4
   e - Lee's Rapid Deconstruction     Earth                        5
 t - a book of Misfortune

   Spells                             Type                      Level
   a - Confusing Touch                Hexes                        1
   b - Confuse                        Hexes                        3
   c - Gell's Gravitas                Translocation                3
   d - Petrify                        Transmutation/Earth          4
   e - Metabolic Englaciation         Hexes/Ice                    5
   f - Yara's Violent Unravelling     Hexes/Transmutation          5
Comestibles
 d - 13 bread rations
 p - a royal jelly
 v - 6 meat rations


   Skills:
 + Level 3.8(3.6) Fighting
 + Level 8.0(7.6) Maces & Flails
 + Level 5.3(5.0) Dodging
 + Level 6.0(5.7) Stealth
 + Level 7.4(7.0) Spellcasting
 + Level 3.2(2.9) Conjurations
 + Level 1.8(1.5) Hexes
 + Level 1.5(1.2) Transmutations
 + Level 7.5(7.2) Earth Magic
 + Level 0.1(0.0) Evocations


You had 8 spell levels left.
You knew the following spells:

 Your Spells              Type           Power        Failure   Level  Hunger
a - Sandblast             Erth           #####.       1%          1    None
b - Stone Arrow           Conj/Erth      ####..       2%          3    None
c - Confuse               Hex            ###.....     11%         3    None
d - Lee's Rapid Deconstr  Erth           #####.....   10%         5    #####..
e - Petrify               Tmut/Erth      ####....     12%         4    ###....


Dungeon Overview and Level Annotations

Branches:
Dungeon (11/15)            Temple (0/1) D:5
   Lair: D:8-11         Orc: D:9-12

Shops:
D:9 (


Innate Abilities, Weirdness & Mutations

You have an increased reservoir of magic. (+10% MP)
You have sharp toenails.
You are partially covered in thin metallic scales. (AC +2)
Your flesh is heat resistant. (rF+)


Message History

Press: ? - help, Shift-Dir - straight line, f/p - troll
Aim: a troll (severely wounded)
The blast of sand hits the troll.
The troll is severely wounded.
b - 80 stones The troll completely misses you.
The troll claws you.
* * * LOW HITPOINT WARNING * * *
The troll completely misses you.
Casting: Sandblast
Confirm with . or Enter, or press ? or * to list all spells.
Aiming: Sandblast
Press: ? - help, Shift-Dir - straight line, f/p - troll
Aim: a troll (severely wounded)
The blast of sand hits the troll.
The troll is almost dead.
b - 79 stones The troll bites you!
* * * LOW HITPOINT WARNING * * *
The troll claws you.
You die...

#.#######.####.#....#...........#
#.###.........###.......#######.#
#.........####.#....##### #.#
#.###...#.# ##.##.## #######.#
#.........# ####.# #........
#.###...#.# #.# #.#####.#
#.####.##.# ##'## #.# #...#
#..)......# ##...## #.# #.###
######.#### ##@T...## #.###.###
#.#.######.......###........
#....##..[........####...###
#.....)..(........'.........
#....####.........####...###
#.#.## ##.......## ###..##
#.##### ##.....## #.....# #.#...#
##...## #.##..## #.....# ##'##
#.##...#


You could see a troll.

Vanquished Creatures
  3 two-headed ogres
  Nergalle (D:10)
  A troll (D:11)
  2 hippogriffs
  Sigmund (D:2)
  A wyvern (D:9)
  A steam dragon (D:10)
  Grum (D:8)
  An acid dragon (D:9)
  3 black bears
  3 sky beasts
  2 orc warriors
  3 ice beasts
  2 phantoms
  A necrophage (D:9)
  8 ogres
  3 wolves (D:8)
  A centaur (D:11)
  A big kobold (Sewer)
  5 bullfrogs
  5 scorpions
  4 killer bees (D:10)
  18 wights
  4 electric eels (D:9)
  8 howler monkeys
  A lava snake (D:7)
  7 crimson imps
  A bullfrog zombie (D:8)
  6 hounds
  2 centaur skeletons
  A centaur zombie (D:10)
  4 orc priests
  6 orc wizards
  Jessica (D:2)
  2 iguanas
  7 worker ants
  2 hound skeletons
  Robin (D:1)
  A worker ant zombie (D:7)
  20 adders
  4 river rats
  5 shadow imps
  3 oozes
  2 adder zombies
  7 worms
  A dart slug (D:1)
  7 leopard geckos
  38 orcs
  6 bats
  8 giant cockroaches
  13 goblins
  6 hobgoblins
  5 jackals
  7 quokkas
  2 ball pythons (D:4)
  3 frilled lizards
  10 kobolds
  A quokka skeleton (D:5)
  A quokka zombie (D:7)
  15 rats
289 creatures vanquished.

Notes
Turn   | Place    | Note
-------+----------+-------------------------------------------
     0 | D:1      | dvd the Demigod Earth Elementalist began the quest for the Orb.
     0 | D:1      | Reached XP level 1. HP: 14/14 MP: 5/5
   230 | D:1      | Reached XP level 2. HP: 17/20 MP: 1/7
  1152 | D:2      | Reached XP level 3. HP: 23/26 MP: 6/9
  1513 | D:2      | Learned a level 3 spell: Stone Arrow
  1515 | D:2      | Noticed Jessica
  1522 | D:2      | Killed Jessica
  1522 | D:2      | Reached XP level 4. HP: 18/34 MP: 4/10
  1674 | D:2      | Learned a level 3 spell: Confuse
  1698 | D:2      | Noticed Robin
  2235 | D:2      | Reached skill level 1 in Fighting
  2348 | D:2      | Noticed Sigmund
  2574 | D:3      | Found a burning altar of Makhleb.
  2579 | D:3      | Found a glowing silver altar of Zin.
  2579 | D:3      | Noticed an angel
  2579 | D:3      | Noticed a green death
  2621 | D:3      | Reached XP level 5. HP: 40/40 MP: 9/12
  3073 | D:1      | Killed Robin
  3199 | D:4      | Reached skill level 1 in Maces & Flails
  3312 | D:4      | Found a sparkling altar of Nemelex Xobeh.
  3449 | D:4      | Reached XP level 6. HP: 47/47 MP: 10/14
  3452 | D:4      | Reached skill level 2 in Maces & Flails
  4189 | D:4      | Found a shadowy altar of Dithmenos.
  4287 | D:4      | Learned a level 5 spell: Lee's Rapid Deconstruction
  4360 | D:5      | Entered Level 5 of the Dungeon
  4362 | D:5      | Reached skill level 1 in Conjurations
  4387 | D:4      | Reached XP level 7. HP: 22/52 MP: 7/16
  4640 | D:4      | Reached skill level 3 in Maces & Flails
  5542 | D:5      | Found a staircase to the Ecumenical Temple.
  5904 | D:6      | Reached skill level 4 in Maces & Flails
  5930 | D:6      | Found a glowing drain.
  5936 | Sewer    | Entered a sewer
  6026 | Sewer    | Reached XP level 8. HP: 55/61 MP: 9/18
  6085 | Sewer    | Found a white marble altar of Elyvilon.
  6096 | Sewer    | Gained mutation: You have sharp fingernails. [potion of mutation]
  6096 | Sewer    | Gained mutation: You are occasionally teleported next to monsters. [potion of mutation]
  6096 | Sewer    | Gained mutation: Your mind is acute. (Int +2) [potion of mutation]
  6230 | D:6      | Gained mutation: You are frail. (-10% HP) [mutagenic meat]
  6231 | D:6      | Gained mutation: You passively map a small area around you. [mutagenic meat]
  6233 | D:6      | Gained mutation: You are agile. (Dex +2) [mutagenic meat]
  6430 | D:6      | Found a sparkling altar of Nemelex Xobeh.
  6746 | D:7      | Reached skill level 5 in Earth Magic
  6795 | D:7      | Reached skill level 5 in Maces & Flails
  7276 | D:7      | Reached skill level 5 in Spellcasting
  7566 | D:7      | Reached XP level 9. HP: 54/61 MP: 0/20
  7612 | D:7      | Reached skill level 1 in Hexes
  7859 | D:7      | Learned a level 4 spell: Petrify
  8085 | D:2      | Killed Sigmund
  8085 | D:2      | Reached skill level 6 in Maces & Flails
  8622 | D:8      | Noticed Grum
  8622 | D:8      | Noticed a two-headed ogre
  8627 | D:8      | Reached skill level 1 in Transmutations
  8819 | D:8      | Found a shadowy altar of Dithmenos.
  9456 | D:8      | Killed Grum
 10072 | D:8      | Noticed a two-headed ogre
 10086 | D:8      | Killed a two-headed ogre
 10086 | D:8      | Reached XP level 10. HP: 69/69 MP: 0/23
 10321 | D:8      | Noticed a two-headed ogre
 10327 | D:8      | Killed a two-headed ogre
 10327 | D:8      | Reached skill level 7 in Maces & Flails
 10327 | D:8      | Reached skill level 5 in Dodging
 10488 | D:8      | Found a deep blue altar of Sif Muna.
 11156 | D:9      | Lost mutation: You are frail. (-10% HP) [potion of mutation]
 11156 | D:9      | Lost mutation: Your mind is acute. (Int +2) [potion of mutation]
 11156 | D:9      | Lost mutation: You are agile. (Dex +2) [potion of mutation]
 11156 | D:9      | Lost mutation: You have sharp fingernails. [potion of mutation]
 11156 | D:9      | Gained mutation: You have a pair of small horns on your head. [potion of mutation]
 11156 | D:9      | Gained mutation: You are partially covered in large bone plates. (SH +4) [potion of mutation]
 11156 | D:9      | Gained mutation: You evolve. [potion of mutation]
 11429 | D:9      | Reached skill level 5 in Stealth
 11636 | D:9      | Got a warped shortbow
 11637 | D:9      | Identified the cursed +1 shortbow of Overwhelming Force {speed, rPois Dex+2 Stlth+} (You found it on level 9 of the Dungeon)
 11906 | D:9      | Found Sinaduus's Weapon Emporium.
 11907 | D:9      | Found an ancient bone altar of Kikubaaqudgha.
 11989 | D:9      | Got an iridescent rapier
 11998 | D:9      | Found a radiant altar of Vehumet.
 11998 | D:9      | Found a white marble altar of Elyvilon.
 12109 | D:10     | Entered Level 10 of the Dungeon
 12922 | D:10     | Noticed Nergalle
 12943 | D:10     | Killed Nergalle
 12947 | D:10     | Lost mutation: You passively map a small area around you. [potion of mutation]
 12947 | D:10     | Lost mutation: You evolve. [potion of mutation]
 12947 | D:10     | Lost mutation: You have a pair of small horns on your head. [potion of mutation]
 12947 | D:10     | Lost mutation: You are occasionally teleported next to monsters. [potion of mutation]
 12947 | D:10     | Lost mutation: You are partially covered in large bone plates. (SH +4) [potion of mutation]
 12947 | D:10     | Gained mutation: You have sharp toenails. [potion of mutation]
 12947 | D:10     | Gained mutation: Your flesh is heat resistant. (rF+) [potion of mutation]
 12947 | D:10     | Gained mutation: You are partially covered in thin metallic scales. (AC +2) [potion of mutation]
 13471 | D:11     | Noticed a two-headed ogre
 13567 | D:10     | Killed a two-headed ogre
 14301 | D:11     | Reached XP level 11. HP: 83/83 MP: 6/26
 14302 | D:11     | Reached skill level 8 in Maces & Flails
 14329 | D:10     | HP: 2/83 [troll (16)]
 14329 | D:10     | Slain by a troll

Skill      XL: |  1  2  3  4  5  6  7  8  9 10 11 |
---------------+----------------------------------+-----
Dodging        | 2 3 4 5 |  5.3
Earth Magic    | 3 4 5 6 7 |  7.5
Spellcasting   | 2 3 4 5 6 7 |  7.4
Stealth        | 2 3 4 5 6 |  6.0
Fighting       | 1 2 3 |  3.8
Maces & Flails | 1 2 4 5 6 7 8 |  8.0
Conjurations   | 1 2 3 |  3.2
Hexes          | 1 |  1.8
Transmutations | 1 |  1.5
Evocations     | |  0.1

Action                   |  1- 3 |  4- 6 |  7- 9 | 10-12 || total
-------------------------+-------+-------+-------+-------++-------
Melee: Club              |    30 |   104 |       |       ||   134
       Unarmed           |     1 |       |       |       ||     1
       Mace              |       |   100 |   382 |   148 ||   630
       Headbutt          |       |       |       |    18 ||    18
       Kick              |       |       |       |    16 ||    16
 Cast: Sandblast         |    46 |    62 |    11 |     3 ||   122
       Stone Arrow       |       |    24 |    77 |    69 ||   170
       Confuse           |       |     3 |    10 |     6 ||    19
       Lee's Rapid Decon |       |       |    12 |    21 ||    33
       Petrify           |       |       |     9 |    11 ||    20
Evoke: Wand              |       |       |       |     2 ||     2
  Use: Scroll            |     1 |     9 |     5 |     4 ||    19
       Potion            |       |     5 |     8 |     3 ||    16
 Stab: Sleeping          |     3 |     1 |     4 |     2 ||    10
       Confused          |       |       |     4 |     1 ||     5
       Petrified         |       |       |    17 |    20 ||    37
       Petrifying        |       |       |     1 |     1 ||     2
  Eat: Chunk             |     2 |    12 |    26 |    17 ||    57
       Royal jelly       |       |       |     2 |     1 ||     3
Armor: Robe              |    13 |    77 |   129 |    70 ||   289
       Skin              |       |    13 |       |       ||    13
       Animal skin       |       |       |     2 |       ||     2
Dodge: Dodged            |    43 |   179 |   292 |   141 ||   655
Block: Other             |       |       |       |    15 ||    15
